 Dungeon Crawl Stone Soup version 0.29.1-15-g9cfb28693d (webtiles) character file.

Game seed: 18103257484756220666

7585 promet the Covert (level 11, -5/72 HPs)
             Began as an Octopode Brigand on Feb 26, 2023.
             Was an Elder of Dithmenos.
             Slain by a death yak (25 damage)
             ... on level 9 of the Dungeon.
             The game lasted 01:33:05 (15140 turns).

promet the Covert (Octopode Brigand)               Turns: 15140, Time: 01:33:05

Health: -5/72      AC:  1    Str: 11    XL:     11   Next: 17%
Magic:  24/24      EV: 17    Int: 21    God:    Dithmenos [****..]
Gold:   452        SH:  5    Dex: 34    Spells: 13/16 levels left

rFire   . . .      SeeInvis .   a - +4 spear (vorpal)
rCold   . . .      Faith    .   (no shield)
rNeg    + . .      Spirit   .   (helmet restricted)
rPois   .          Reflect  +   d - amulet of reflection
rElec   .          Harm     .   g - +6 ring of dexterity
rCorr   .          Rampage  .   j - +6 ring of dexterity
Will    .....                   l - ring of positive energy
Stlth   ++++++++++              u - +6 ring of dexterity
HPRegen 0.22/turn               F - +6 ring of intelligence
MPRegen 0.19/turn               H - ring of magical power
                                (no ring)
                                (no ring)

@: wreathed by umbra
A: almost no armour, amphibious, 8 rings, camouflage 1, gelatinous body 1,
(nimble swimmer 1), tentacles
a: Renounce Religion, Shadow Step


You were on level 9 of the Dungeon.
You worshipped Dithmenos.
Dithmenos was greatly pleased with you.
You visited 1 branch of the dungeon, and saw 9 of its levels.

You collected 452 gold pieces.

Inventory:

Hand Weapons
 a - a +4 vorpal spear (weapon)
 b - the +7 arbalest of Ointment {flame, Will++ Int+4}
   (You found it on level 6 of the Dungeon)

   Any ammunition fired from it burns those it strikes, dealing additional fire
   damage.
   Int:       It affects your intelligence (+4).
   Will:      It greatly increases your willpower.
 e - a +0 hand axe
 i - a +1 short sword of freezing
 o - a +2 dagger
 s - a +0 morningstar
 v - a +2 great sword
 w - a +1 whip of electrocution
 A - a +0 war axe
 C - a +4 flail
 D - a +2 scimitar of flaming
 M - a +3 halberd of freezing
Missiles
 c - 9 curare-tipped darts (quivered)
 m - 4 silver javelins
 p - 19 poisoned darts
 r - 2 throwing nets
 E - 45 stones
 J - 4 boomerangs
 Q - 5 javelins
Armour
 q - the +1 kite shield "Veamit Wovo" {-Cast Dex+2 SInv}
   (You found it on level 3 of the Dungeon)

   Dex:       It affects your dexterity (+2).
   SInv:      It lets you see invisible.
   -Cast:     It prevents spellcasting.
Magical Staves
 B - a staff of earth
Jewellery
 d - an amulet of reflection (around mantle)
 g - a +6 ring of dexterity (left tentacle)
 j - a +6 ring of dexterity (right tentacle)
 l - a ring of positive energy (on tentacle)
 u - a +6 ring of dexterity (on tentacle)
 F - a +6 ring of intelligence (on tentacle)
 H - a ring of magical power (on tentacle)
Wands
 K - a wand of light (2)
Scrolls
 y - 2 scrolls of amnesia
 I - a scroll of identify
 L - a scroll of blinking
Potions
 f - a potion of ambrosia
 h - a potion of magic
 k - a potion of brilliance
 n - 3 potions of attraction
 t - 4 potions of curing
 x - a potion of berserk rage
 z - a potion of degeneration
 G - 2 potions of might
 P - a potion of heal wounds


   Skills:
 + Level 5.3 Fighting
 + Level 2.6 Short Blades
 + Level 1.5 Maces & Flails
 + Level 5.9 Polearms
 * Level 10.3 Ranged Weapons
 + Level 4.6 Throwing
 + Level 3.7 Dodging
 + Level 10.7 Stealth
 + Level 2.2 Shields
 + Level 3.0 Spellcasting
 + Level 1.5 Air Magic
 + Level 4.0 Poison Magic
 + Level 0.8 Evocations


You had 13 spell levels left.
You knew the following spells:

 Your Spells              Type           Power      Damage    Failure   Level
a - Poisonous Vapours     Pois/Air       30%        N/A       6%          2
b - Summon Small Mammal   Summ           12%        N/A       13%         1

Your spell library contained the following spells:

 Spells                   Type           Power      Damage    Failure   Level
 Apportation              Tloc           6%         N/A       13%         1
 Necrotise                Necr           12%        1d4       13%         1
 Confusing Touch          Hex            3%         N/A       36%         3
 Tukima's Dance           Hex            3%         N/A       36%         3
 Vampiric Draining        Necr           3%         2d6       36%         3
 Corpse Rot               Necr/Pois/Air  11%        N/A       52%         4
 Passage of Golubria      Tloc           3%         N/A       78%         4
 Agony                    Necr           3%         N/A       98%         5
 Yara's Violent Unravell  Hex/Tmut       1%         3d3       98%         5
 Enfeeble                 Hex            1%         N/A       100%        7


Dungeon Overview and Level Annotations

Branches:
Dungeon (9/15)             Temple (0/1) D:6
   Lair: D:8-11         Orc: D:9-12

Altars:
Cheibriados
Dithmenos
Gozag
Hepliaklqana
Trog
Xom
Yredelemnul
The Shining One

Annotations:
D:3 1 runed translucent door, Crazy Yiuf


Innate Abilities, Weirdness & Mutations

You cannot wear most types of armour.
You are amphibious.
You can wear up to eight rings at the same time.
Your skin changes colour to match your surroundings (Stealth+).
Your rubbery body absorbs attacks. (AC +1, EV +1)
((You are camouflaged when in or above water. (Stealth+)))
You have tentacles for arms and can constrict up to eight enemies at once.


Message History

Press: ? - help, Q - select action, (/) - cycle Shift-Dir - straight line, f/p - death yak
Aim: a death yak (moderately wounded, 86% to hit)
You shoot a bolt. The bolt hits the death yak!
The bolt burns the death yak.
The death yak is heavily wounded.
Things that are here:
a +0 robe; a +0 dagger
Things that are here:
a +0 robe; a +0 dagger Fire: b) +7 arbalest of Ointment {flame, Will++ Int+4}
Press: ? - help, Q - select action, (/) - cycle Shift-Dir - straight line, f/p - death yak
Aim: a death yak (heavily wounded, umbra, 86% to hit)
You shoot a bolt. The bolt hits the death yak!!
The bolt burns the death yak.
The death yak is severely wounded.
Fire: b) +7 arbalest of Ointment {flame, Will++ Int+4}
Press: ? - help, Q - select action, (/) - cycle Shift-Dir - straight line, f/p - death yak
Aim: a death yak (severely wounded, umbra, 86% to hit)
You shoot a bolt. The bolt hits the death yak!
The bolt burns the death yak.
The death yak is almost dead.
The +7 arbalest of Ointment {flame, Will++ Int+4} stops flaming.
a - a +4 vorpal spear (weapon)
The death yak bellows!
You hit the death yak but do no damage.
The death yak is almost dead.
The death yak gores you!!
You barely miss the death yak.
The death yak bellows!
You squeeze the death yak, but do no damage.
The death yak is almost dead.
The death yak gores you.
You hit the death yak but do no damage. You squeeze the death yak.
The death yak is almost dead.
You hit the death yak but do no damage. You squeeze the death yak.
The death yak is almost dead.
The death yak gores you!!
* * * LOW HITPOINT WARNING * * *
There is a stone staircase leading up here.
You hit the death yak but do no damage.
The death yak is almost dead.
The death yak gores you!!
You die...

..........#.# # .##
............###.## #...
..####...........###..#
..# #.##.#.####..#..#
..####.##.#.####.#.#.###
.........)..#..)[.......
..####......[..>...#
..............##.#.#
..####.#Y.#.####@#.#.#
..........Y[YY.Y[....#
.......#.#####.#......?.
#.######.#####.#.#......
g
............##.#.#####.#
# g ########.##.##.#.# #
#. g #.#. ...[. #.# g
#.. ..... #..##. #.#Y
...... ....


You could see 4 death yaks.

Vanquished Creatures
  3 death yaks
  A hornet (D:7)
  A wyvern (D:9)
  A steam dragon (D:8)
  An acid dragon (D:7)
  Duvessa (D:5)
  3 water moccasins
  3 ice beasts
  A black bear (D:6)
  2 orc warriors (D:9)
  An ogre (D:7)
  A sky beast (D:6)
  A centaur (D:5)
  A kobold brigand (D:8)
  2 phantoms (D:6)
  Blork the orc (D:6)
  2 gnoll sergeants
  2 scorpions
  2 necrophages
  7 wights
  Dowan (D:5)
  21 killer bees
  3 howler monkeys
  2 jellies
  5 hounds
  9 orc priests
  A gnoll bouda (D:7)
  Jessica (D:3)
  Ijyb (D:3)
  Terence (D:2)
  Natasha (thrice) (D:3)
  2 iguanas
  15 orc wizards
  10 gnolls
  11 adders
  2 river rats (D:4)
  2 shadow imps
  3 worms
  A dart slug (D:1)
  38 orcs
  6 ball pythons
  10 endoplasms
  2 giant cockroaches
  2 goblins
  5 hobgoblins
  3 jackals (D:2)
  3 quokkas (D:1)
  2 training dummies (D:5)
  4 bats
  A frilled lizard (D:3)
  9 kobolds
  9 rats
225 creatures vanquished.

Vanquished Creatures (collateral kills)
  A kobold demonologist (D:9)
  A troll (D:9)
  A centaur (D:9)
3 creatures vanquished.

Vanquished Creatures (others)
  2 fungi (D:3)
2 creatures vanquished.

Grand Total: 230 creatures vanquished

Notes
Turn   | Place    | Note
-------+----------+-------------------------------------------
     0 | D:1      | promet the Octopode Brigand began the quest for the Orb.
     0 | D:1      | Reached XP level 1. HP: 14/14 MP: 1/1
   218 | D:1      | Reached XP level 2. HP: 19/19 MP: 2/2
   806 | D:2      | Reached XP level 3. HP: 25/25 MP: 3/3
  1458 | D:2      | Noticed Terence
  1477 | D:2      | Killed Terence
  1478 | D:2      | Reached XP level 4. HP: 30/30 MP: 4/4
  1538 | D:2      | Learned a level 2 spell: Poisonous Vapours
  2300 | D:3      | Found a shadowy altar of Dithmenos.
  2306 | D:3      | Identified the +1 kite shield "Veamit Wovo" {-Cast Dex+2
                  | SInv}
  2367 | D:3      | Reached skill level 1 in Maces & Flails
  2367 | D:3      | Reached XP level 5. HP: 31/35 MP: 5/5
  2685 | D:3      | Reached skill level 1 in Polearms
  2781 | D:3      | Reached XP level 6. HP: 20/41 MP: 6/6
  3060 | D:3      | Became a worshipper of Dithmenos the Shadowed
  3076 | D:3      | Noticed Jessica
  3080 | D:3      | Killed Jessica
  3324 | D:3      | Noticed Natasha
  3332 | D:3      | Killed Natasha
  3457 | D:3      | Noticed Natasha
  3464 | D:3      | Killed Natasha
  3507 | D:3      | Noticed Ijyb
  3516 | D:3      | Killed Ijyb
  3517 | D:3      | Reached skill level 1 in Poison Magic
  3592 | D:3      | Found a faded altar of an unknown god.
  3863 | D:3      | Noticed Natasha
  3869 | D:3      | Killed Natasha
  3912 | D:3      | Found a runed translucent door.
  3913 | D:3      | Noticed Crazy Yiuf
  4229 | D:3      | Found a snail-covered altar of Cheibriados.
  4337 | D:4      | Reached XP level 7. HP: 41/45 MP: 8/8
  4717 | D:3      | Reached skill level 1 in Spellcasting
  5325 | D:4      | Reached * piety under Dithmenos
  6584 | D:5      | Entered Level 5 of the Dungeon
  6710 | D:5      | Reached XP level 8. HP: 30/52 MP: 11/11
  7090 | D:5      | Reached ** piety under Dithmenos
  7808 | D:5      | Noticed Duvessa
  7808 | D:5      | Noticed Dowan
  7838 | D:5      | Killed Duvessa
  7839 | D:5      | Reached skill level 1 in Ranged Weapons
  7848 | D:5      | Killed Dowan
  8440 | D:6      | Identified the +7 arbalest of Ointment {flame, Will++
                  | Int+4}
  8446 | D:6      | Learned a level 1 spell: Summon Small Mammal
  8815 | D:6      | Reached XP level 9. HP: 57/57 MP: 11/13
  8846 | D:6      | Noticed Blork the orc
  8853 | D:6      | Killed Blork the orc
  8949 | D:6      | Found a staircase to the Ecumenical Temple.
  9358 | D:6      | Found a basalt altar of Yredelemnul.
  9360 | D:6      | Noticed a profane servitor
  9372 | D:6      | Found a glowing golden altar of the Shining One.
  9463 | D:6      | Reached skill level 5 in Ranged Weapons
 10172 | D:7      | Found a bloodstained altar of Trog.
 10344 | D:7      | Reached skill level 1 in Air Magic
 10421 | D:7      | Reached *** piety under Dithmenos
 10577 | D:7      | Noticed a hornet
 10587 | D:7      | Killed a hornet
 10588 | D:7      | Reached skill level 5 in Polearms
 10889 | D:7      | Reached XP level 10. HP: 64/64 MP: 14/14
 11000 | D:7      | Reached skill level 10 in Stealth
 11331 | D:8      | Found an opulent altar of Gozag.
 11341 | D:8      | Found a shimmering altar of Xom.
 11732 | D:8      | Reached skill level 1 in Shields
 12816 | D:9      | Noticed a death yak
 13360 | D:9      | Noticed a death yak
 13688 | D:9      | Killed a death yak
 13957 | D:9      | Found a hazy altar of Hepliaklqana.
 13967 | D:9      | Reached **** piety under Dithmenos
 14088 | D:9      | Noticed a kobold demonologist
 14102 | D:9      | Killed a kobold demonologist
 14103 | D:9      | Reached skill level 5 in Fighting
 14358 | D:9      | Noticed a death yak
 14358 | D:9      | Noticed a death yak
 14358 | D:9      | Noticed a death yak
 14415 | D:9      | Noticed a death yak
 14415 | D:9      | Noticed a death yak
 14503 | D:9      | Killed a death yak
 14504 | D:9      | Reached skill level 10 in Ranged Weapons
 14504 | D:9      | Reached XP level 11. HP: 42/72 MP: 15/15
 14750 | D:8      | HP: 1/108 [death yak (29)]
 14751 | D:8      | Killed a death yak
 15140 | D:9      | Slain by a death yak

Illustrated notes

Levels and vault maps discovered:
D:1:      dpeg_arrival_water_temple_mockup, layout_loops_ring,
          serial_bayou_crossing
D:2:      layout_basic, uniq_terence
D:3:      layout_loops_corners, nicolae_dithmenos_the_darkroom,
          mainiacjoe_overflow_alcove_4, hellmonk_ecumenical_altar_leap_of_faith,
          uniq_ijyb, uniq_crazy_yiuf_cottage, uniq_natasha, uniq_jessica
D:4:      layout_cave_pods, portal_sewer_entry_a
D:5:      dreamdust_elfheim, layout_loops_ring
D:6:      layout_loops_ring, grunt_temple_overflow_holy_war, temple_hall,
          supply_closet_lemuel, hangedman_minor_gate_pass, uniq_blork_the_orc,
          uniq_duvessa
D:7:      layout_basic, lemuel_tele_altar, grunt_ministairs_1,
          minmay_misc_feat_ornament, minmay_bent
D:8:      layout_loops_ring, nicolae_gozag_seed_capital, lemuel_round_altar,
          nrook_loot_triangle
D:9:      minmay_general_purpose_star, layout_loops_ring,
          mainiacjoe_overflow_brackets, dpeg_lair_monsters

Skill      XL: |  1  2  3  4  5  6  7  8  9 10 |
---------------+-------------------------------+-----
Stealth        | 6 7 8 9 10 | 10.7
Maces & Flails | 1 |  1.5
Polearms       | 1 2 4 5 |  5.9
Throwing       | 3 4 |  4.6
Poison Magic   | 1 2 3 4 |  4.0
Spellcasting   | 2 3 |  3.0
Fighting       | 3 4 5 |  5.3
Dodging        | 2 3 |  3.7
Ranged Weapons | 3 7 10 | 10.3
Air Magic      | 1 |  1.5
Shields        | 2 |  2.2
Short Blades   | |  2.6
Evocations     | |  0.8

Action                   |  1- 3 |  4- 6 |  7- 9 | 10-12 || total
-------------------------+-------+-------+-------+-------++-------
Melee: Dagger            |    30 |       |       |       ||    30
       Constrict         |     9 |    10 |    34 |    21 ||    74
       Tentacles         |     4 |     6 |    34 |    36 ||    80
       Whip              |    17 |     8 |       |       ||    25
       Spear             |       |    62 |   149 |   115 ||   326
       Punch             |       |       |     1 |     1 ||     2
       Short sword       |       |       |     1 |       ||     1
 Fire: Shortbow          |       |       |    40 |       ||    40
       Arbalest          |       |       |    47 |    74 ||   121
Throw: Stone             |    14 |     6 |    21 |       ||    41
       Dart              |     7 |    12 |    11 |     4 ||    34
       Javelin           |       |     4 |     1 |     2 ||     7
 Cast: Poisonous Vapours |       |     1 |    10 |       ||    11
Evoke: Wand              |       |       |     6 |     2 ||     8
  Use: Scroll            |     2 |     9 |     8 |     4 ||    23
       Potion            |       |     1 |     2 |     4 ||     7
 Stab: Sleeping          |    10 |    10 |    11 |     2 ||    33
       Distracted        |       |     1 |     2 |       ||     3
       Invisible         |       |       |       |     3 ||     3
Armor: Skin              |     5 |       |     1 |     3 ||     9
Dodge: Dodged            |    19 |    17 |    70 |    87 ||   193
Block: Other             |       |     1 |    28 |    21 ||    50
       Reflection        |       |       |     2 |     4 ||     6
